 Dungeon Crawl Stone Soup version 0.21-a0-440-g28109cb (webtiles) character file.

55 AverageBear the Cutter (level 3, 22/22 HPs)
             Began as a Deep Elf Fighter on Nov 10, 2017.
             Quit the game on level 2 of the Dungeon.
             The game lasted 00:02:03 (1054 turns).

AverageBear the Cutter (Deep Elf Fighter)           Turns: 1054, Time: 00:02:04

Health: 22/22      AC:  3    Str: 14    XL:     3   Next: 67%
Magic:  5/5        EV:  7    Int: 12    God:
Gold:   51         SH:  8    Dex: 14    Spells: 2/2 levels left

rFire    . . .     SeeInvis .   a - +0 rapier
rCold    . . .     Gourm    .   c - +0 shield
rNeg     . . .     Faith    .   l - -2 ring mail (curse)
rPois    .         Spirit   .   (no helmet)
rElec    .         Reflect  .   (no cloak)
rCorr    .         Harm     .   (no gloves)
MR       .....                  (no boots)
Stlth    +.........             (no amulet)
HPRegen  0.07/turn              (no ring)
MPRegen  0.09/turn              (no ring)

@: no status effects
A: no striking features
a: no special abilities


You were on level 2 of the Dungeon.
You were not hungry.

You visited 1 branch of the dungeon, and saw 2 of its levels.

You collected 51 gold pieces.

Inventory:

Hand Weapons
 a - a +0 rapier (weapon)
Armour
 b - a +0 scale mail
 c - a +0 shield (worn)
 l - a cursed -2 ring mail (worn)
Scrolls
 e - 2 scrolls of remove curse
Potions
 d - a potion of might
 i - a potion of haste {unknown}
 k - a potion of degeneration {unknown}
Comestibles
 f - a bread ration
 g - 2 meat rations
 h - 2 royal jellies
 j - 2 chunks of flesh


   Skills:
 - Level 2.4 Fighting
 + Level 4.1 Short Blades
 - Level 2.4 Armour
 - Level 2.4 Shields


You had 2 spell levels left.
You didn't know any spells.

Dungeon Overview and Level Annotations

Branches:
Dungeon (2/15)

Altars:
Dithmenos


Message History

No target in view!
No target in view!
No target in view!
No target in view!
No target in view!
No target in view!
No target in view!
No target in view!
Found 19 gold pieces.
You see here a shiny ring mail.
l - a shiny ring mail Wear which item? (? for menu, Esc to quit)
You start removing your armour.
You continue taking off your +0 scale mail. x4
You finish taking off your +0 scale mail.
You start putting on your armour.
You continue putting on your shiny ring mail. x5
You finish putting on your cursed -2 ring mail.
Oops, that feels deathly cold.
Are you sure you want to abandon this character and quit the game? (Confirm with "yes".)

#.#.#
.........
#.#...###
..#..##.#
... .#._.
#.# .....
#.# ....
#########
..# #...
#$......#
#$....@.####
#..........#
#..........#
#.#####....#
# #....#
#....#
#....#
#....#
#....#


There were no monsters in sight!

Vanquished Creatures
  An adder (D:2)
  A dart slug (D:1)
  A leopard gecko (D:1)
  An orc (D:2)
  2 giant cockroaches (D:2)
  4 goblins
  9 hobgoblins
  A quokka (D:2)
  3 bats
  A frilled lizard (D:2)
  7 kobolds
  9 rats (D:1)
40 creatures vanquished.

Notes
Turn   | Place    | Note
-------+----------+-------------------------------------------
     0 | D:1      | AverageBear the Deep Elf Fighter began the quest for the Orb.
     0 | D:1      | Reached XP level 1. HP: 13/13 MP: 3/3
   123 | D:1      | Reached XP level 2. HP: 15/18 MP: 4/4
   315 | D:1      | Reached skill level 3 in Short Blades
   518 | D:1      | Reached XP level 3. HP: 20/22 MP: 5/5
   762 | D:2      | Found a shadowy altar of Dithmenos.
   880 | D:2      | Reached skill level 4 in Short Blades
  1054 | D:2      | Quit the game

Vault maps used:
D:1:      matt_arrival_refuge, minmay_misc_feat_more_columns
D:2:      nicolae_dithmenos_through_a_glass_darkly,
          nemelex_xobeh_ov_fountains_minmay

Skill      XL: |  1  2  3 |
---------------+----------+-----
Short Blades   | 3 4 |  4.1
Fighting       | |  2.4
Armour         | |  2.4
Shields        | |  2.4

Action                   || total
-------------------------++-------
Melee: Rapier            ||   142
  Use: Scroll            ||     4
       Potion            ||     2
  Eat: Chunk             ||     1
Armor: Scale mail        ||    74
Dodge: Dodged            ||    42
Block: Shield            ||    81

Table legend:
 A = Spawn XP
 B = Non-spawn XP
 C = Spawn XP percentage of total XP
 D = Spawn monster count
 E = Non-spawn monster count
 F = Spawn count percentage of total count
 G = Total turns spent on level
                    A         B        C        D         E        F      G
               +---------+---------+-------+---------+---------+-------+---------
         Total |       0 |      79 |   0.0 |       0 |      40 |   0.0 |  1054
               +---------+---------+-------+---------+---------+-------+---------
           D:1 |       0 |      42 |   0.0 |       0 |      26 |   0.0 |   754
           D:2 |       0 |      37 |   0.0 |       0 |      14 |   0.0 |   300
               +---------+---------+-------+---------+---------+-------+---------
